 Dungeon Crawl Stone Soup version 0.29.1-15-g9cfb28693d (webtiles) character file.

Game seed: 3616220611939699447

316 dudediamond6 the Covert (level 6, -2/42 HPs)
             Began as an Octopode Brigand on Feb 23, 2023.
             Engulfed by a cloud of foul pestilence (6 damage)
             ... on level 4 of the Dungeon.
             The game lasted 00:04:25 (2980 turns).

dudediamond6 the Covert (Octopode Brigand)          Turns: 2980, Time: 00:04:26

Health: -2/42      AC:  1    Str: 10    XL:     6   Next: 44%
Magic:  6/6        EV: 13    Int: 17    God:
Gold:   159        SH:  0    Dex: 16    Spells: 5/5 levels left

rFire   . . .      SeeInvis +   q - +10 mace of the Crushed Runes {freeze, *Rage rC+ Int+4 SInv}
rCold   + . .      Faith    .   (no shield)
rNeg    . . .      Spirit   .   (helmet restricted)
rPois   .          Reflect  .   (no amulet)
rElec   .          Harm     .   s - ring of resist corrosion
rCorr   +          Rampage  .   (no ring)
Will    .....      Rage     20% (no ring)
Stlth   +++.......              (no ring)
HPRegen 0.14/turn               (no ring)
MPRegen 0.10/turn               (no ring)
                                (no ring)
                                (no ring)

@: confused, lethally poisoned (-2 -> -25), on berserk cooldown, slowed, very
slow
A: almost no armour, amphibious, 8 rings, camouflage 1, gelatinous body 1,
(nimble swimmer 1), tentacles
a: no special abilities


You were on level 4 of the Dungeon.
You visited 1 branch of the dungeon, and saw 4 of its levels.

You collected 159 gold pieces.

Inventory:

Hand Weapons
 a - a +2 dagger
 q - the +10 mace of the Crushed Runes (weapon) {freeze, *Rage rC+ Int+4 SInv}
   (You found it on level 3 of the Dungeon)

   It freezes those it strikes, dealing additional cold damage.
   It can also slow down cold-blooded creatures.
   Int:       It affects your intelligence (+4).
   rC:        It protects you from cold.
   SInv:      It lets you see invisible.
   *Rage:     It berserks you when you make melee attacks (+20% chance).
Missiles
 b - 15 poisoned darts (quivered)
 c - 3 curare-tipped darts
 i - a throwing net
Jewellery
 s - a ring of resist corrosion (left tentacle)
Wands
 t - a wand of flame (28)
Scrolls
 d - a scroll of blinking {unknown}
 e - 4 scrolls of identify {unknown}
 f - 2 scrolls of vulnerability {unknown}
 g - 2 scrolls of poison {unknown}
 m - 3 scrolls of immolation {unknown}
 n - a scroll of fear {unknown}
 p - 2 scrolls of teleportation {unknown}
Potions
 h - 3 potions of flight {unknown}
 j - a potion of attraction {unknown}
 k - 5 potions of curing {unknown}
 l - 2 potions of lignification {unknown}
 o - a potion of mutation {unknown}
 r - a potion of degeneration {unknown}
 u - a potion of might
 v - a potion of invisibility {unknown}


   Skills:
 * Level 3.4 Fighting
 * Level 3.8 Short Blades
 - Level 1.0 Maces & Flails
 - Level 2.0 Throwing
 - Level 1.0 Dodging
 + Level 8.2 Stealth


You had 5 spell levels left.
You didn't know any spells.
Your spell library contained the following spells:

 Spells                   Type           Power      Damage    Failure   Level
 Ensorcelled Hibernation  Hex/Ice        0%         N/A       34%         2
 Passwall                 Tmut/Erth      0%         N/A       34%         2
 Sublimation of Blood     Necr           0%         N/A       34%         2
 Wereblood                Tmut           0%         N/A       34%         2
 Summon Guardian Golem    Hex/Summ       0%         N/A       56%         3
 Swiftness                Air            0%         N/A       56%         3
 Summon Forest            Summ/Tloc      0%         N/A       100%        5
 Eringya's Noxious Bog    Tmut/Pois      0%         N/A       100%        6
 Orb of Destruction       Conj           0%         9d5       100%        7
 Spellforged Servitor     Conj/Summ      0%         N/A       100%        7
 Summon Hydra             Summ           0%         N/A       100%        7


Dungeon Overview and Level Annotations

Branches:
Dungeon (4/15)
 Temple: D:4-7

Altars:
Kikubaaqudgha
Uskayaw


Innate Abilities, Weirdness & Mutations

You cannot wear most types of armour.
You are amphibious.
You can wear up to eight rings at the same time.
Your skin changes colour to match your surroundings (Stealth+).
Your rubbery body absorbs attacks. (AC +1, EV +1)
((You are camouflaged when in or above water. (Stealth+)))
You have tentacles for arms and can constrict up to eight enemies at once.


Message History

The orc hits you with a +2 vorpal hand axe.
The orc wizard hits you with a +0 dagger.
You barely miss the orc. Your grab misses the orc.
You squeeze the orc, but do no damage. The orc wizard barely misses you.
The orc closely misses you. The orc barely misses you.
The orc wizard hits you with a +0 dagger.
You thump the orc! You freeze the orc.
You kill the orc!
The orc wizard misses you.
The orc wizard hits you with a +0 dagger.
You closely miss the orc wizard. Your grab misses the orc wizard.
Your squeeze misses the orc wizard.
The orc wizard gestures at you while chanting.
You are confused.
The orc wizard hits you with a +0 dagger.
The orc wizard hits you with a +0 dagger.
The orc wizard barely misses you.
You're too confused to move!
The orc wizard closely misses you.
You hit the orc wizard. You freeze the orc wizard.
The orc wizard is moderately wounded.
You feel less confused.
The orc wizard hits you with a +0 dagger.
* * * LOW HITPOINT WARNING * * *
The orc wizard casts a spell at you.
You are confused.
The orc wizard hits you with a +0 dagger.
* * * LOW HITPOINT WARNING * * *
The orc wizard hits you with a +0 dagger.
* * * LOW HITPOINT WARNING * * *
Things that are here:
a +2 vorpal hand axe; a +0 leather armour You miss the orc wizard.
The orc wizard is moderately wounded.
The orc wizard misses you. x2
The orc wizard attacks as you move away!
The orc wizard hits you with a +0 dagger.
* * * LOW HITPOINT WARNING * * *
You are engulfed in dark miasma.
You are lethally poisoned!
You die...

#### ######...
# #. ....# ..#
#.###.### ...
#.#§...@#..#
#.#...o.#.#
#.?.)_..).#
###.....###
####§..)§#
#..###.####.#
#...........#
#.........###
#.............


You could see an orc wizard.

Vanquished Creatures
  Crazy Yiuf (D:3)
  A hound (D:4)
  Terence (D:3)
  2 orc wizards
  9 adders
  A worm (D:3)
  4 dart slugs
  9 orcs
  A ball python (D:2)
  6 endoplasms
  5 giant cockroaches
  3 hobgoblins (D:2)
  5 jackals
  2 quokkas
  4 bats
  3 frilled lizards
  15 goblins
  7 kobolds
  4 rats
83 creatures vanquished.

Vanquished Creatures (others)
  3 fungi (D:3)
3 creatures vanquished.

Grand Total: 86 creatures vanquished

Notes
Turn   | Place    | Note
-------+----------+-------------------------------------------
     0 | D:1      | dudediamond6 the Octopode Brigand began the quest for the
                  | Orb.
     0 | D:1      | Reached XP level 1. HP: 14/14 MP: 1/1
   260 | D:1      | Reached XP level 2. HP: 19/19 MP: 2/2
   445 | D:1      | Reached skill level 6 in Stealth
   772 | D:2      | Reached XP level 3. HP: 25/25 MP: 3/3
  1012 | D:2      | Reached XP level 4. HP: 24/30 MP: 4/4
  1436 | D:2      | Reached skill level 7 in Stealth
  1627 | D:2      | Reached XP level 5. HP: 36/36 MP: 5/5
  1729 | D:3      | Identified the +10 mace of the Crushed Runes {freeze, *Rage
                  | rC+ Int+4 SInv}
  1847 | D:3      | Found a hide-covered altar of Uskayaw.
  1951 | D:3      | Noticed Terence
  1958 | D:3      | Killed Terence
  2125 | D:3      | Found a faded altar of an unknown god.
  2669 | D:3      | Found a runed translucent door.
  2670 | D:3      | Noticed Crazy Yiuf
  2675 | D:3      | Killed Crazy Yiuf
  2768 | D:4      | Reached skill level 1 in Maces & Flails
  2768 | D:4      | Reached XP level 6. HP: 42/42 MP: 6/6
  2769 | D:4      | Reached skill level 8 in Stealth
  2940 | D:4      | Found an ancient bone altar of Kikubaaqudgha.
  2980 | D:4      | Engulfed by a cloud of foul pestilence

Illustrated notes

Levels and vault maps discovered:
D:1:      amcnicky_arrival_feature_with_door, layout_basic
D:2:      kennysheep_the_goblin_king, layout_basic
D:3:      layout_rooms, eat_drink_and_be_merry_uskayaw,
          hellmonk_ecumenical_altar_arch_garden, ebering_dispersal_statue_hall,
          grunt_decor_fettered, corexii_shack, uniq_terence,
          uniq_crazy_yiuf_cottage
D:4:      layout_rooms, nicolae_kikubaaqudgha_miasma_corner

Skill      XL: |  1  2  3  4  5  6 |
---------------+-------------------+-----
Stealth        | 6 7 8 |  8.2
Short Blades   | 3 |  3.8
Fighting       | 3 |  3.4
Maces & Flails | 1 |  1.0
Throwing       | |  2.0
Dodging        | |  1.0

Action                   |  1- 3 |  4- 6 || total
-------------------------+-------+-------++-------
Melee: Dagger            |    48 |    36 ||    84
       Constrict         |    10 |    13 ||    23
       Tentacles         |     7 |    15 ||    22
       Punch             |     1 |     1 ||     2
       Mace              |       |    62 ||    62
 Stab: Sleeping          |     9 |    10 ||    19
Armor: Skin              |     4 |     2 ||     6
Dodge: Dodged            |    17 |    48 ||    65
